 Dungeon Crawl Stone Soup version 0.31-a0-920-g28cbb04a8c (webtiles) character file.

Game seed: 13668051058948424969

0 kae the Vexing (level 1, 0/13 HPs)
             Began as a Demonspawn Enchanter on Oct 17, 2023.
             Slain by a kobold
             ... wielding a +0 short sword
              (3 damage)
             ... on level 1 of the Dungeon.
             The game lasted 00:00:10 (58 turns).

kae the Vexing (Demonspawn Enchanter)                 Turns: 58, Time: 00:00:11

Health: 0/13       AC:  2    Str:  8    XL:     1   Next: 8%
Magic:  3/3        EV: 12    Int: 16    God:
Gold:   0          SH:  0    Dex: 13    Spells: 4/4 levels left

rFire   . . .        a - +1 dagger
rCold   . . .        (no shield)
rNeg    . . .        b - +0 robe
rPois   .            (no helmet)
rElec   .            (no cloak)
rCorr   .            (no gloves)
SInv    .            (no boots)
Will    .....        (no amulet)
Stlth   ++           (no ring)
HPRegen 0.22/turn    (no ring)
MPRegen 0.08/turn

%: no passive effects
@: no status effects
A: no striking features
a: no special abilities


You were on level 1 of the Dungeon.
You visited 1 branch of the dungeon, and saw 1 of its levels.


   Skills:
 * Level 0.9 Short Blades
 - Level 1.7 Dodging
 + Level 2.6 Stealth
 + Level 2.0 Spellcasting
 * Level 3.0 Hexes


You had 4 spell levels left.
You didn't know any spells.
Your spell library contained the following spells:

 Spells                   Type           Power      Damage    Failure   Level
 Ensorcelled Hibernation  Hex/Ice        12%        N/A       17%         2
 Confusing Touch          Hex            11%        N/A       19%         3
 Tukima's Dance           Hex            11%        N/A       19%         3
 Dazzling Flash           Conj/Hex       12%        N/A       32%         3

Inventory:

Hand Weapons
 a - a +1 dagger (weapon)
Armour
 b - a +0 robe (worn)
Jewellery
 C - a ring of protection from cold
   (You found it on level 1 of the Dungeon)
 T - an amulet of faith {!P}
   (You found it on level 1 of the Dungeon)
Scrolls
 d - 2 scrolls of poison {unknown}
Potions
 c - 2 potions of invisibility

Dungeon Overview and Level Annotations

Branches:
Dungeon (1/15) Zot: 5941

Altars:

..>.... ..#....
#.....##.. .......
.....#..
>############......
............#.#...####
...##..##...#....^...#
............#........#
...######...#....K...#
............#...@)...#
###########.#...$....#
.................#
###..#####.......# ##
.###.#### #. .# #. !#
#. ..


You could see a kobold.


Message History

Lua error: /dgldir/rcfiles/crawl-git/kae.rc:525: unexpected symbol near '#' 🤖 Initializing magus.rc ...
Bad monster_list_colour key: strict_neutral Bad channel name 'pray' for runrest: 'pray:' Options error: Missing colour in message_colour setting: 'that.*feels deathly cold' Options error: Missing colour in message_colour setting: 'and you must be Full or above to equip it' Options error: Missing colour in message_colour setting: 'but rights himself reflexively soon after' Options error: Missing colour in message_colour setting: 'before it is too late' ✅ Successfully initialized magus.rc [v1.11.3] Welcome, kae the Demonspawn Enchanter.
The majestic Orb of Zot lies far below, as if waiting for you to find it.
Press ? for a list of commands and other information.
Found 2 scrolls labelled FOLUCA SAVU.
Found two stairs.
d - a scroll labelled FOLUCA SAVU Key pressed, stopping explore.
No target in view!
No target in view!
T - an amulet of faith {!P} No target in view!
No target in view!
d - 2 scrolls labelled FOLUCA SAVU (gained 1)
C - a ring of protection from cold No target in view!
No target in view!
A quokka and a kobold come into view.
The kobold shouts!
A kobold comes into view. It is wielding a +0 short sword.
There are monsters nearby!
The kobold misses you.
You hit the kobold.
The kobold hits you with a +0 dagger. 😕 HP[-3]
You take 3 damage, and now have 10/13 hp.
MASSIVE DAMAGE!! (PAUSE)
You hit the kobold.
You kill the kobold!
You hit the quokka. The quokka bites you. 😮 HP[-3]
You take 3 damage, and now have 7/13 hp.
MASSIVE DAMAGE!! (PAUSE)
You hit the quokka. The quokka barely misses you.
You hit the quokka but do no damage.
The quokka completely misses you. 😮 HP[+1]
You hit the quokka. The kobold hits you but does no damage.
The quokka misses you.
You closely miss the quokka. The quokka barely misses you.
The kobold closely misses you.
You closely miss the quokka. The quokka bites you.
* * * LOW HITPOINT WARNING * * *
The kobold closely misses you. The quokka bites you.
* * * LOW HITPOINT WARNING * * *
😱 HP[-5]
You take 5 damage, and now have 3/13 hp.
MASSIVE DAMAGE!! (PAUSE)
You hit the quokka.
You kill the quokka!
The kobold hits you with a +0 short sword.
You die...

Action                     || total
---------------------------++-------
  Melee: Dagger            ||     9
 Armour: Robe              ||     6
  Dodge: Dodged            ||     7

Levels and vault maps discovered:
D:1:      dpeg_arrival_line_fractal, layout_rooms, minmay_tripent

Notes
Turn   | Place    | Note
-------+----------+-------------------------------------------
     0 | D:1      | kae the Demonspawn Enchanter began the quest for the Orb.
     0 | D:1      | Reached XP level 1. HP: 13/13 MP: 3/3
     0 | D:1      | magus.rc [v1.11.3]
    57 | D:1      | HP: 3/13 [quokka (3)]
    58 | D:1      | Slain by a kobold

Vanquished Creatures
  A quokka (D:1)
  A kobold (D:1)
2 creatures vanquished.

Table legend:
 A = Non-vault XP
 B = Vault XP
 C = Vault XP percentage of total XP
 D = Non-vault monster count
 E = Vault monster count
 F = Vault count percentage of total count
                 A         B        C        D         E       F
            +---------+---------+-------+---------+---------+-------
      Total |       3 |       0 |   0.0 |       2 |       0 |   0.0
            +---------+---------+-------+---------+---------+-------
        D:1 |       3 |       0 |   0.0 |       2 |       0 |   0.0
            +---------+---------+-------+---------+---------+-------

Action                     || total
---------------------------++-------
  Melee: Dagger            ||     9
 Armour: Robe              ||     6
  Dodge: Dodged            ||     7

Illustrated notes

Table legend:
 A = Kills in this place as a percentage of kills in the entire game.
 B = Kills by you in this place as a percentage of kills by you in the entire game.
 C = Kills by friends in this place as a percentage of kills by friends in the entire game.
 D = Other kills in this place as a percentage of other kills in the entire game.
 E = Experience gained in this place as a percentage of experience gained in the entire game.
 F = Experience gained in this place divided by the number of levels of this place that you have seen.
                   A       B       C       D       E      F
               +-------+-------+-------+-------+-------+----------------------
         Total | 100.0 | 100.0 |   N/A |   N/A | 100.0 |   3.0
       Dungeon | 100.0 | 100.0 |   N/A |   N/A | 100.0 |   3.0
               +-------+-------+-------+-------+-------+----------------------

Table legend: (Time is in decaauts)
 A = Elapsed time spent in this place.
 B = Non-inter-level travel time spent in this place.
 C = Inter-level travel time spent in this place.
 D = Time resting spent in this place.
 E = Time spent auto-exploring this place.
 F = Levels seen in this place.
 G = Mean time per level.
                   A        B        C        D        E       F      G
               +--------+--------+--------+--------+--------+-----+--------+
         Total |     57 |     57 |      0 |      0 |     43 |   1 |   57.0 |
       Dungeon |     57 |     57 |      0 |      0 |     43 |   1 |   57.0 |
               +--------+--------+--------+--------+--------+-----+--------+

Top non-repeatable levels by time:
     D:1: 57 daAuts
